 Dungeon Crawl Stone Soup version 0.18.1-50-g88ac8fd (webtiles) character file.

637 nost the Cudgeler (level 7, 0/44 HPs)
             Began as a Gargoyle Berserker on Sept 18, 2016.
             Was a Believer of Trog.
             Slain by an ice beast (8 damage)
             ... on level 5 of the Dungeon on Sept 19, 2016.
             The game lasted 00:43:32 (4034 turns).

nost the Cudgeler (Gargoyle Berserker)              Turns: 4034, Time: 00:43:33

Health: 0/44       AC: 11    Str: 19    XL:     7   Next: 50%
Magic:  7/7        EV:  7    Int:  7    God:    Trog [**....]
Gold:   61         SH:  0    Dex: 11    Spells: 0 memorised, 6 levels left

rFire  . . .     SeeInvis .     c - +2 flail (venom)
rCold  . . .     Gourm    .     n - +0 scale mail
rNeg   + . .     Faith    .     (no shield)
rPois  ∞         Spirit   .     (no helmet)
rElec  +         Dismiss  .     (no cloak)
rCorr  .         Reflect  .     (no gloves)
SustAt .         Harm     .     (no boots)
MR     .....                    (no amulet)
Stlth  ..........               o - -2 ring of strength (curse)
                                k - -3 ring of evasion (curse)

@: not resistant to hostile enchantments, extremely unstealthy
A: negative energy resistance 1, electricity resistance, unbreathing,
petrification resistance, rot immunity, AC +4
a: Berserk, Trog's Hand, Burn Spellbooks, Renounce Religion


You were on level 5 of the Dungeon.
You worshipped Trog.
Trog was pleased with you.
You were not hungry.

You visited 1 branch of the dungeon, and saw 5 of its levels.

You collected 141 gold pieces.
You spent 80 gold pieces at shops.

Inventory:

Hand Weapons
 a - a +0 mace
 c - a +2 flail of venom (weapon)
 d - a +0 hunting sling
 p - a +0 flail
 q - a +0 whip
 z - a +0 spear
 A - a +0 spear
Missiles
 i - 143 stones (quivered)
Armour
 b - a +0 animal skin
 n - a +0 scale mail (worn)
Jewellery
 k - a cursed -3 ring of evasion (left hand)
 o - a cursed -2 ring of strength (right hand)
 r - an uncursed ring of poison resistance {unknown}
Wands
 g - a wand of lightning (5/15)
Scrolls
 t - a scroll of teleportation
 x - 2 scrolls of magic mapping
 y - a scroll of identify
Potions
 e - a potion of brilliance
 f - 2 potions of agility
 h - a potion of cancellation
 j - a potion of curing {unknown}
 l - a potion of flight
 s - a potion of heal wounds
 B - a potion of magic {unknown}
Comestibles
 m - 3 fruits
 u - a beef jerky
 v - a meat ration
 w - 2 bread rations


   Skills:
 + Level 4.9 Fighting
 * Level 5.8 Maces & Flails
 - Level 1.2 Slings
 - Level 3.6 Armour
 - Level 3.0 Dodging
 - Level 2.1 Stealth


You had 6 spell levels left.
You didn't know any spells.

Dungeon Overview and Level Annotations

Branches:
Dungeon (5/15)
 Temple: D:4-7

Altars:
Ashenzari
Gozag
Makhleb
Okawaru
Ru
Vehumet

Shops:
D:4 [!}(   D:5 (


Innate Abilities, Weirdness & Mutations

You are resistant to torment.
Your stone body is resilient (AC +4).
You are immune to poison.
You resist negative energy.
You are resistant to electric shocks.
You can survive without breathing.
You are immune to petrification.
You are immune to rotting.


Message History

You hit the ice beast.
The ice beast is heavily wounded.
The ice beast hits you but does no damage.
You hit the ice beast.
The ice beast is poisoned.
The ice beast is severely wounded.
The ice beast hits you but does no damage.
The ice beast hits you. The ice beast freezes you!
The ice beast looks more healthy.
You barely miss the ice beast.
The ice beast is severely wounded.
The ice beast hits you. The ice beast freezes you!
* * * LOW HITPOINT WARNING * * *
The ice beast hits you but does no damage.
You hit the ice beast but do no damage.
The ice beast is severely wounded.
The ice beast hits you but does no damage.
The ice beast hits you.
* * * LOW HITPOINT WARNING * * *
The ice beast freezes you!
You die...

##.....##..# #.##
#######.#.## #<.# #
#..##.####.## #
##..##..###..# #
#..####..##..## # ##.##
#.......# # #..# ##......##
# ##.## #...###.## ##..#
##..## #@.## ##..## ##..##
##.Y.## # ))...###..##
#..<..#### ..# ###...##..#
#..##....###..# # ##.....##
#...###........## ##....#
##..####..........# #
#....####..####..>#........
#
#.........###....##.......#
##
#.........##...####....####


You could see an ice beast.

Vanquished Creatures
  A black bear (D:4)
  A centaur (D:5)
  A scorpion (D:4)
  A centaur skeleton (D:4)
  A hound (D:5)
  2 orc wizards (D:4)
  3 iguanas (D:5)
  A worker ant (D:4)
  7 gnolls
  A howler monkey skeleton (D:5)
  4 adders
  A shadow imp (D:5)
  2 oozes (D:5)
  A worm (D:2)
  A dart slug (D:3)
  2 giant geckos
  9 orcs
  A ball python (D:4)
  6 bats
  4 giant cockroaches
  2 goblins
  4 hobgoblins
  3 jackals (D:1)
  2 quokkas (D:4)
  A giant gecko skeleton (D:4)
  4 giant newts
  5 kobolds
  A quokka zombie (D:5)
  7 rats
79 creatures vanquished.

Notes
Turn   | Place    | Note
--------------------------------------------------------------
     0 | D:1      | nost the Gargoyle Berserker began the quest for the Orb.
     0 | D:1      | Reached XP level 1. HP: 14/14 MP: 1/1
   201 | D:1      | Reached XP level 2. HP: 18/19 MP: 2/2
   875 | D:2      | Reached XP level 3. HP: 20/24 MP: 3/3
  1147 | D:2      | Found an iron altar of Okawaru.
  1383 | D:3      | Reached ** piety under Trog
  1383 | D:3      | Reached XP level 4. HP: 29/29 MP: 4/4
  1385 | D:3      | Reached skill level 1 in Slings
  1606 | D:4      | HP: 1/29 [orc/flail (10)]
  1854 | D:4      | Found a sacrificial altar of Ru.
  1925 | D:4      | Reached XP level 5. HP: 25/33 MP: 5/5
  2031 | D:4      | Found a shattered altar of Ashenzari.
  2175 | D:4      | Noticed a black bear
  2184 | D:4      | Killed a black bear
  2184 | D:4      | Reached skill level 1 in Stealth
  2184 | D:4      | Reached XP level 6. HP: 33/38 MP: 6/6
  2285 | D:4      | Found Rebili Xetho's Gadget Shop.
  2288 | D:4      | Reached skill level 4 in Maces & Flails
  2319 | D:5      | Entered Level 5 of the Dungeon
  2394 | D:4      | Found Kunia's Weapon Emporium.
  2415 | D:4      | Found a radiant altar of Vehumet.
  2442 | D:4      | Found Ethi's Distillery.
  2450 | D:4      | Bought a potion of flight for 30 gold pieces
  2450 | D:4      | Bought a potion of heal wounds for 50 gold pieces
  2453 | D:4      | Found Ykhac's Antique Armour Shop.
  2772 | D:4      | Found a burning altar of Makhleb.
  3151 | D:5      | Reached XP level 7. HP: 44/44 MP: 7/7
  3252 | D:5      | Reached skill level 5 in Maces & Flails
  3311 | D:5      | Found Ranaeg's Weapon Shoppe.
  3588 | D:5      | Found an opulent altar of Gozag.
  4034 | D:5      | Slain by an ice beast

Skill      XL: |  1  2  3  4  5  6  7 |
---------------+----------------------+-----
Fighting       | 4 |  4.9
Dodging        | 2 3 |  3.0
Slings         | 1 |  1.2
Armour         | 3 |  3.6
Stealth        | 1 2 |  2.1
Maces & Flails | 4 5 |  5.8

Action                   |  1- 3 |  4- 6 |  7- 9 || total
-------------------------+-------+-------+-------++-------
Melee: Mace              |    88 |    19 |       ||   107
       Flail             |       |    64 |    43 ||   107
 Fire: Hunting sling     |    25 |     2 |       ||    27
Throw: Stone             |       |     1 |     3 ||     4
Invok: Berserk           |       |     2 |     1 ||     3
       Trog's Hand       |       |     1 |       ||     1
       Burn Spellbooks   |       |       |     1 ||     1
  Use: Scroll            |     9 |       |       ||     9
 Stab: Paralysed         |       |     2 |       ||     2
       Invisible         |       |     1 |       ||     1
  Eat: Chunk             |     1 |     4 |     4 ||     9
       Bread ration      |       |     1 |       ||     1
Armor: Animal skin       |    30 |    16 |       ||    46
       Scale mail        |       |    36 |    31 ||    67
Dodge: Dodged            |    77 |    35 |    14 ||   126
